 Dungeon Crawl Stone Soup version 0.21-a0-64-g1c0f2e3 (webtiles) character file.

77 Manul the Skirmisher (level 4, -1/35 HPs)
             Began as a Mummy Fighter on June 17, 2017.
             Killed from afar by Sigmund (3 damage)
             ... with a magic dart
             ... on level 2 of the Dungeon.
             The game lasted 00:01:30 (1329 turns).

Manul the Skirmisher (Mummy Fighter)                Turns: 1329, Time: 00:01:31

Health: -1/35      AC:  8    Str: 20    XL:     4   Next: 13%
Magic:  4/4        EV:  7    Int:  7    God:
Gold:   95         SH:  9    Dex: 11    Spells: 3/3 levels left

rFire    x . .     SeeInvis .   a - +0 war axe
rCold    + . .     Gourm    .   c - +0 shield
rNeg     + + +     Faith    .   b - +0 scale mail
rPois    ∞         Spirit   .   (no helmet)
rElec    .         Reflect  .   (no cloak)
rCorr    .         Harm     .   g - +1 pair of gloves
MR       .....                  (no boots)
Stlth    ..........             (no amulet)
HPRegen  0.11/turn              (no ring)
MPRegen  0.09/turn              (no ring)

@: no status effects
A: no food or potions, fire vulnerability, cold resistance 1, negative energy
resistance 3, torment resistance, unbreathing
a: no special abilities


You were on level 2 of the Dungeon.
You were not hungry.

You visited 1 branch of the dungeon, and saw 2 of its levels.

You collected 95 gold pieces.

Inventory:

Hand Weapons
 a - a +0 war axe (weapon)
Armour
 b - a +0 scale mail (worn)
 c - a +0 shield (worn)
 g - a +1 pair of gloves (worn)
Wands
 h - a wand of acid (10/15)
Scrolls
 d - a scroll of amnesia {unknown}
 e - a scroll of enchant weapon {unknown}
 f - a scroll of identify {unknown}
 i - a scroll of enchant armour {unknown}


   Skills:
 + Level 3.5 Fighting
 + Level 2.4 Axes
 + Level 2.7 Armour
 + Level 0.1 Dodging
 + Level 2.9 Shields


You had 3 spell levels left.
You didn't know any spells.

Dungeon Overview and Level Annotations

Branches:
Dungeon (2/15)

Altars:
Elyvilon
Hepliaklqana
Yredelemnul
Zin

Annotations:
D:2 Sigmund


Innate Abilities, Weirdness & Mutations

You do not eat or drink.
Your flesh is vulnerable to fire.
You are immune to poison.
Your flesh is cold resistant. (rC+)
You are immune to negative energy. (rN+++)
You are immune to unholy pain and torment.
You can survive without breathing.


Message History

Sigmund gestures at you while chanting. You resist with some effort.
The giant cockroach bites you but does no damage.
You block Sigmund's attack.
You slash Sigmund!
Sigmund is severely wounded.
You hit the giant cockroach. The giant cockroach closely misses you.
The giant cockroach bites you but does no damage.
Sigmund closely misses you.
You closely miss Sigmund.
Sigmund is severely wounded.
You hit the giant cockroach. You block the giant cockroach's attack.
The giant cockroach bites you but does no damage.
You closely miss Sigmund.
Sigmund is severely wounded.
You hit the giant cockroach.
You kill the giant cockroach!
Sigmund casts a spell at you. The magic dart hits you!
You die...

#############
#...........#
#.#########(######
#.# #....... #@#
######## #@†......
## #.######. #.
... ##.########.
..# .......†....
.... ##.#####....
...# #.#.. #....
#.#.. ####.


You could see Sigmund.

Vanquished Creatures
  2 adders (D:2)
  An ooze (D:2)
  4 dart slugs
  3 leopard geckos
  6 bats
  3 giant cockroaches
  4 goblins
  2 hobgoblins
  A quokka (D:2)
  3 frilled lizards
  5 kobolds
  15 rats
49 creatures vanquished.

Notes
Turn   | Place    | Note
-------+----------+-------------------------------------------
     0 | D:1      | Manul the Mummy Fighter began the quest for the Orb.
     0 | D:1      | Reached XP level 1. HP: 18/18 MP: 1/1
   237 | D:1      | Reached XP level 2. HP: 23/24 MP: 2/2
   553 | D:1      | Reached XP level 3. HP: 29/29 MP: 3/3
   964 | D:2      | Found a basalt altar of Yredelemnul.
   965 | D:2      | Found a glowing silver altar of Zin.
   966 | D:2      | Found a white marble altar of Elyvilon.
   967 | D:2      | Found a hazy altar of Hepliaklqana.
  1251 | D:2      | Reached XP level 4. HP: 35/35 MP: 4/4
  1306 | D:2      | Noticed Sigmund
  1329 | D:2      | Killed from afar by Sigmund

Vault maps used:
D:1:      mrwooster_arrival_statue_3, minmay_misc_feat_columns, st_stairs_5,
          minmay_rat_gold_closets
D:2:      chequers_temple_overflow_statue_of_worship, first_bread,
          minmay_misc_feat_encased, uniq_sigmund

Skill      XL: |  1  2  3 |
---------------+----------+-----
Axes           | 2 |  2.4
Fighting       | |  3.5
Armour         | |  2.7
Dodging        | |  0.1
Shields        | |  2.9

Action                   |  1- 3 |  4- 6 || total
-------------------------+-------+-------++-------
Melee: War axe           |   134 |    26 ||   160
Armor: Scale mail        |    62 |     8 ||    70
Dodge: Dodged            |    61 |    10 ||    71
Block: Shield            |    65 |    11 ||    76
